 Dungeon Crawl Stone Soup version 0.31-a0-1227-g0136665373 (webtiles) character file.

Game seed: 17913497236094552665

354 avis the Fighter (level 6, -4/55 (61) HPs)
             Began as a Hill Orc Monk on Dec 14, 2023.
             Was a Believer of Beogh.
             Slain by a wight
             ... wielding a +3 long sword
              (10 damage)
             ... on level 4 of the Dungeon.
             The game lasted 00:10:12 (3226 turns).

avis the Fighter (Hill Orc Monk)                    Turns: 3226, Time: 00:10:13

HP:   -4/55 (61)    AC:  4    Str: 16    XL:     6   Next: 63%
MP:   6/6           EV: 12    Int: 10    God:    Beogh [**....]
Gold: 183           SH:  0    Dex: 13    Spells: 5/5 levels left

rFire   . .          .
                       - Unarmed
rCold   . . .        c - orb {light}
rNeg    . . .        C - +0 leather armour {rPois}
rPois   +            (no helmet)
rElec   .            (no cloak)
rCorr   .            x - +0 pair of gloves
SInv    .            (no boots)
Will    .....        r - amulet of magic regeneration
Stlth   +            (no ring)
HPRegen 0.29/turn    (no ring)
MPRegen 0.50/turn

%: no passive effects
@: glowing, drained
A: no striking features
a: Renounce Religion, Smiting


You were on level 4 of the Dungeon.
You worshipped Beogh.
Beogh was pleased with you.
You visited 1 branch of the dungeon, and saw 4 of its levels.

You collected 183 gold pieces.

Inventory:

Hand Weapons
 t - a +0 spear
 y - a +0 spear
Missiles
 e - 25 stones (quivered)
Armour
 a - a +0 robe
 c - an orb of light (worn)
 l - a +0 ring mail
 v - a +0 robe of cold resistance
 x - a +0 pair of gloves (worn)
 C - a +0 leather armour of poison resistance (worn)
Jewellery
 r - an amulet of magic regeneration (around neck)
Wands
 w - a wand of roots (12)
Scrolls
 d - a scroll of torment {unknown}
 f - 2 scrolls of identify {unknown}
 i - 6 scrolls of teleportation {unknown}
 k - a scroll of brand weapon {unknown}
 n - a scroll of noise {unknown}
 q - a scroll of immolation {unknown}
 s - a scroll of revelation {unknown}
 z - a scroll of blinking {unknown}
Potions
 b - a potion of ambrosia
 g - a potion of haste {unknown}
 h - 2 potions of brilliance {unknown}
 j - 2 potions of lignification {unknown}
 m - a potion of curing {unknown}
 o - 2 potions of heal wounds {unknown}
 p - 2 potions of magic {unknown}
 u - a potion of mutation {unknown}
 A - a potion of enlightenment {unknown}
 B - a potion of degeneration {unknown}


   Skills:
 * Level 8.2 Fighting
 - Level 1.0 Armour
 - Level 2.4 Dodging
 - Level 4.0 Unarmed Combat


You had 5 spell levels left.
You didn't know any spells.
Your spell library contained the following spells:

 Spells                   Type           Power      Damage    Failure   Level
 Tukima's Dance           Hex            0%         N/A       80%         3
 Passage of Golubria      Tloc           0%         N/A       99%         4
 Summon Forest            Summ/Tloc      0%         N/A       100%        5
 Summon Mana Viper        Hex/Summ       0%         N/A       100%        5
 Yara's Violent Unravell  Hex/Tmut       0%         3d3       100%        5
 Summon Cactus Giant      Summ           0%         N/A       100%        6


Dungeon Overview and Level Annotations

Branches:
Dungeon (4/15)
 Temple: D:4-7

Altars:
Makhleb


Message History

You kill the orc!
Beogh accepts your kill.
You see here a +0 hand axe.
You start resting.
HP restored.
You see here a +0 hand axe.
You see here a dart slug corpse.
A wight comes into view. It is wielding a +3 long sword.
A wight comes into view. It is wielding a +2 short sword.
Found a stone staircase leading down.
You hit the wight but do no damage. The wight barely misses you.
You hit the wight.
The wight is moderately damaged.
The wight hits you with a +3 long sword!
You barely miss the wight.
The wight is moderately damaged.
You hit the wight.
The wight is moderately damaged.
The wight hits you with a +3 long sword!
You feel drained.
You hit the wight but do no damage.
The wight is moderately damaged.
The wight misses you.
You hit the wight.
The wight is moderately damaged.
The wight hits you with a +3 long sword!
You hit the wight.
The wight is heavily damaged.
The wight hits you with a +3 long sword!
You feel drained.
* * * LOW HITPOINT WARNING * * *
The wight hits you with a +2 short sword!
* * * LOW HITPOINT WARNING * * *
The wight attacks as it pursues you!
The wight hits you with a +2 short sword.
* * * LOW HITPOINT WARNING * * *
You feel drained. The wight attacks as it pursues you!
The wight hits you with a +3 long sword!
You die...

....####.....###.##
....###...)...#...#####
#..#..##............#
#..<.###...........# ..
#.#..###....##..#.## ...
#.#....#....##..###
#..##...#..#.......##
.......##.....#....# #
..........@...#.#### ##.
......##.zz.....#########..
##..............#...##....
#####....................
#......#.....##.......
#.....##..##.....#....
......##.....#..###..#
.......##.....##.[#..#.
........................


You could see 2 wights.

Vanquished Creatures
  An ogre (D:4)
  A bullfrog (D:4)
  An orc priest (D:4)
  An orc wizard (D:3)
  6 gnolls
  2 adders
  2 worms (D:3)
  2 dart slugs
  7 orcs
  3 bats
  8 endoplasms
  4 goblins
  6 hobgoblins
  A quokka (D:4)
  8 ball pythons
  3 frilled lizards (D:1)
  6 kobolds
  5 rats
67 creatures vanquished.

Vanquished Creatures (others)
  An orc priest (D:4)
  4 orcs (D:4)
  A kobold (D:4)
6 creatures vanquished.

Grand Total: 73 creatures vanquished

Notes
Turn   | Place    | Note
-------+----------+-------------------------------------------
     0 | D:1      | avis the Hill Orc Monk began the quest for the Orb.
     0 | D:1      | Reached XP level 1. HP: 19/19 MP: 1/1
   170 | D:1      | Reached skill level 4 in Fighting
   206 | D:1      | Reached XP level 2. HP: 25/27 MP: 2/2
   651 | D:1      | Reached skill level 5 in Fighting
   651 | D:1      | Reached XP level 3. HP: 29/36 MP: 3/3
  1380 | D:2      | Reached XP level 4. HP: 41/44 MP: 4/4
  1704 | D:3      | Reached skill level 6 in Fighting
  2258 | D:3      | Reached XP level 5. HP: 47/51 MP: 5/5
  2512 | D:3      | Found a burning altar of Makhleb.
  2512 | D:3      | Noticed a cacodemon
  2515 | D:3      | Noticed a smoke demon
  2515 | D:3      | Noticed a neqoxec
  2560 | D:4      | Noticed an ogre
  2562 | D:4      | Became a worshipper of Beogh the Brigand
  2562 | D:4      | Reached * piety under Beogh
  2562 | D:4      | Reached ** piety under Beogh
  2572 | D:4      | Killed an ogre
  2573 | D:4      | Reached skill level 7 in Fighting
  2573 | D:4      | Reached XP level 6. HP: 27/60 MP: 6/6
  3130 | D:4      | Reached skill level 8 in Fighting
  3130 | D:4      | Reached skill level 1 in Armour
  3226 | D:4      | Slain by a wight

Illustrated notes

Levels and vault maps discovered:
D:1:      minmay_arrival_nine_rooms, layout_loops_ring,
          hangedman_decor_slide_cut, minmay_vboxes
D:2:      layout_basic, minmay_hexomino_f4
D:3:      layout_loops_ring, makhleb_altar_promises_db, dk_noncrumbling_3
D:4:      layout_cave_pools

Skill      XL: |  1  2  3  4  5  6 |
---------------+-------------------+-----
Fighting       | 4 5 6 7 8 |  8.2
Unarmed Combat | 4 |  4.0
Armour         | 1 |  1.0
Dodging        | |  2.4

Action                     |  1- 3 |  4- 6 || total
---------------------------+-------+-------++-------
  Melee: Unarmed           |    93 |   126 ||   219
  Throw: Stone             |     7 |       ||     7
 Invoke: Convert to Beogh  |       |     1 ||     1
 Armour: Robe              |    12 |       ||    12
         Ring mail         |    30 |    59 ||    89
         Leather armour    |       |    20 ||    20
  Dodge: Dodged            |    39 |    67 ||   106

Table legend: (Time is in decaauts)
 A = Elapsed time spent in this place.
 B = Non-inter-level travel time spent in this place.
 C = Inter-level travel time spent in this place.
 D = Time resting spent in this place.
 E = Time spent auto-exploring this place.
 F = Levels seen in this place.
 G = Mean time per level.
                   A        B        C        D        E       F      G
               +--------+--------+--------+--------+--------+-----+--------+
         Total |   3217 |   2877 |    340 |    568 |   1495 |   4 |  804.2 |
       Dungeon |   3217 |   2877 |    340 |    568 |   1495 |   4 |  804.2 |
               +--------+--------+--------+--------+--------+-----+--------+

Top non-repeatable levels by time:
     D:3: 1153 daAuts
     D:1: 1025 daAuts
     D:2: 654 daAuts
     D:4: 384 daAuts
